 Dungeon Crawl Stone Soup version 0.29-a0-802-g34511f41fd (webtiles) character file.

Game seed: 9986171730770451098

717 bande the Covered (level 7, 0/44 HPs)
             Began as a Gargoyle Fighter on July 4, 2022.
             Slain by an orc
             ... wielding a +0 morningstar
              (8 damage)
             ... on level 6 of the Dungeon.
             The game lasted 00:07:43 (5716 turns).

bande the Covered (Gargoyle Fighter)                Turns: 5716, Time: 00:07:43

Health: 0/44       AC: 14    Str: 20    XL:     7   Next: 70%
Magic:  7/7        EV: 12    Int:  8    God:
Gold:   327        SH:  8    Dex: 11    Spells: 6/6 levels left

rFire   . . .      SeeInvis .   a - +1 war axe
rCold   . . .      Faith    .   p - +0 kite shield
rNeg    + . .      Spirit   .   b - +0 scale mail
rPois   ∞          Reflect  .   j - +2 hat
rElec   +          Harm     .   (no cloak)
rCorr   .          Rampage  .   (no gloves)
Will    .....                   (no boots)
Stlth   ..........              (no amulet)
HPRegen 0.14/turn               k - +4 ring of evasion
MPRegen 0.10/turn               (no ring)

@: no status effects
A: sickness immunity, AC +4, negative energy resistance 1, electricity
resistance, torment resistance 1, petrification resistance
a: no special abilities


You were on level 6 of the Dungeon.
You visited 2 branches of the dungeon, and saw 7 of its levels.

You collected 327 gold pieces.

Inventory:

Hand Weapons
 a - a +1 war axe (weapon)
 g - a +0 war axe
 v - a +0 flail
Armour
 b - a +0 scale mail (worn)
 i - a +0 helmet
 j - a +2 hat (worn)
 p - a +0 kite shield (worn)
Jewellery
 e - a ring of fire
 k - a +4 ring of evasion (left hand)
Wands
 c - a wand of flame (35)
 r - a wand of paralysis (12)
 t - a wand of light (12)
 u - a wand of roots (7)
Scrolls
 f - a scroll of blinking
 l - a scroll of fear
 o - 4 scrolls of teleportation
 w - a scroll of vulnerability {unknown}
Potions
 d - a potion of might
 h - a potion of haste
 m - 4 potions of heal wounds
 n - 2 potions of curing
 q - 2 potions of cancellation {unknown}
 s - a potion of mutation {unknown}


   Skills:
 + Level 4.7 Fighting
 + Level 5.0 Axes
 + Level 5.4 Armour
 + Level 4.7 Shields
 * Level 1.4 Evocations


You had 6 spell levels left.
You didn't know any spells.
Your spell library contained the following spells:

 Spells                   Type           Power      Damage    Failure   Level
 Apportation              Tloc           0%         N/A       98%         1
 Magic Dart               Conj           0%         1d3       98%         1
 Necrotise                Necr           0%         1d4       98%         1
 Summon Small Mammal      Summ           0%         N/A       98%         1
 Call Imp                 Summ           0%         N/A       99%         2
 Conjure Flame            Conj/Fire      0%         6-21      100%        3
 Ignite Poison            Fire/Tmut/Pois 0%         N/A       100%        3
 Mephitic Cloud           Conj/Pois/Air  0%         N/A       100%        3
 Tukima's Dance           Hex            0%         N/A       100%        3
 Passage of Golubria      Tloc           0%         N/A       100%        4
 Sticky Flame             Conj/Fire      0%         2d3       100%        4
 Yara's Violent Unravell  Hex/Tmut       0%         3d3       100%        5


Dungeon Overview and Level Annotations

Branches:
Dungeon (6/15)             Temple (1/1) D:4

Altars:
Ashenzari
Cheibriados
Dithmenos
Elyvilon
Fedhas
Hepliaklqana
Kikubaaqudgha
Nemelex Xobeh
Ru
Sif Muna
Trog
Uskayaw
Vehumet
Wu Jian
Xom
Yredelemnul
Zin
The Shining One


Innate Abilities, Weirdness & Mutations

You are immune to sickness and miasma.
Your stone body is resilient. (AC +4)
You are immune to poison.
You resist negative energy. (rN+)
You are resistant to electric shocks. (rElec)
You are resistant to unholy torment.
You are immune to petrification.


Message History

You enter the shallow water.
Moving in this stuff is going to be slow.
The adder attacks as you move away! The adder bites you but does no damage.
The adder barely misses you. You block the wight's attack.
The adder bites you but does no damage. You block the wight's attack.
The wight attacks as you move away!
The wight hits you with a +0 dire flail.
The adder attacks as you move away! You block the adder's attack.
You slash the adder!
You kill the adder!
The centaur shoots an arrow.
The arrow completely misses you.
You hit the wight.
The wight is almost destroyed.
You barely miss the centaur.
The centaur unwields a +0 shortbow.
The centaur misses you.
The centaur kicks you but does no damage.
The wight hits you with a +0 dire flail.
You block the centaur's attack.
The centaur kicks you but does no damage.
You closely miss the wight.
The wight is almost destroyed.
You barely miss the centaur.
The centaur hits you but does no damage.
You block the centaur's attack.
The wight hits you with a +0 dire flail.
* * * LOW HITPOINT WARNING * * *
The centaur hits you.
* * * LOW HITPOINT WARNING * * *
You block the centaur's attack. The wight misses you.
You slash the wight!
You destroy the wight!
You barely miss the centaur. The centaur misses you.
You block the centaur's attack.
The centaur hits you but does no damage.
You block the centaur's attack. The orc hits you but does no damage.
Your Axes skill increases to level 5!
The centaur attacks as you move away! The centaur misses you.
You block the centaur's attack. The orc attacks as you move away!
The orc hits you with a +0 morningstar!
You die...

≈...# #.# .≈≈.# #.#
...≈# #.# ##≈...# #.#
# ##..≈.# #.# .#
##....## #.# .
###h..### #.# #.co###
#.# #######
......#@##########.##
......
#######.............#
#....##### ##
###############
.....'..<# ..
#....#####.##
#...........#
#....#).########
#)...#.........#
#....#...#.#.#..#


You could see a black bear, a centaur and an orc.

Vanquished Creatures
  Edmund (D:5)
  A phantom (D:4)
  A necrophage (D:6)
  A scorpion (D:5)
  A wight (D:6)
  2 hounds (D:6)
  A jelly (D:6)
  3 iguanas
  Robin (D:2)
  3 gnolls (D:6)
  3 adders
  A shadow imp (D:6)
  2 white imps (D:6)
  An ufetubus (D:5)
  2 worms
  A dart slug (D:2)
  8 orcs
  7 ball pythons
  7 endoplasms
  3 giant cockroaches
  15 goblins
  7 hobgoblins
  3 jackals (D:1)
  3 quokkas
  2 bats
  5 frilled lizards
  4 kobolds
  6 rats
95 creatures vanquished.

Notes
Turn   | Place    | Note
-------+----------+-------------------------------------------
     0 | D:1      | bande the Gargoyle Fighter began the quest for the Orb.
     0 | D:1      | Reached XP level 1. HP: 14/14 MP: 1/1
   166 | D:1      | Reached XP level 2. HP: 17/19 MP: 2/2
   558 | D:2      | Noticed Robin
   564 | D:2      | Reached XP level 3. HP: 23/23 MP: 3/3
   593 | D:2      | Killed Robin
  1254 | D:2      | Found a faded altar of an unknown god.
  1610 | D:2      | Reached XP level 4. HP: 28/29 MP: 4/4
  2996 | D:4      | Found a staircase to the Ecumenical Temple.
  3015 | Temple   | Entered the Ecumenical Temple
  3052 | D:4      | Reached XP level 5. HP: 17/33 MP: 5/5
  3507 | D:4      | Noticed a phantom
  3522 | D:4      | Killed a phantom
  3679 | D:4      | Reached XP level 6. HP: 38/38 MP: 6/6
  3696 | D:4      | Found a sacrificial altar of Ru.
  3698 | D:4      | Found a snail-covered altar of Cheibriados.
  3699 | D:4      | Found an ancient bone altar of Kikubaaqudgha.
  3717 | D:4      | Found a shadowy altar of Dithmenos.
  3717 | D:4      | Found a white marble altar of Elyvilon.
  3718 | D:4      | Found a broken altar of Ashenzari.
  4117 | D:5      | Entered Level 5 of the Dungeon
  4284 | D:5      | Noticed Edmund
  4298 | D:5      | Killed Edmund
  4299 | D:5      | Reached skill level 5 in Armour
  4856 | D:6      | Found a radiant altar of Vehumet.
  4904 | D:6      | Reached XP level 7. HP: 31/44 MP: 7/7
  5584 | D:6      | Reached skill level 1 in Evocations
  5716 | D:6      | Reached skill level 5 in Axes
  5716 | D:6      | Slain by an orc

Illustrated notes

Levels and vault maps discovered:
D:1:      psy_arrival_terrarium, layout_basic, minivault_11, hex_intersection
D:2:      layout_loops_corners, hellmonk_ecumenical_altar_leap_of_faith,
          uniq_robin
D:3:      layout_basic
D:4:      layout_basic, grunt_temple_overflow_open,
          minmay_temple_entry_sparse_star
D:5:      layout_rooms, kennysheep_nub, uniq_edmund
D:6:      layout_basic, nicolae_vehumet_radiance, solitary_fountain,
          nzn_random_ring
Temple:   minmay_freezing_vapour_temple

Skill      XL: |  1  2  3  4  5  6  7 |
---------------+----------------------+-----
Axes           | 2 3 4 5 |  5.0
Armour         | 4 5 |  5.4
Fighting       | 4 |  4.7
Shields        | 4 |  4.7
Evocations     | 1 |  1.4

Action                   |  1- 3 |  4- 6 |  7- 9 || total
-------------------------+-------+-------+-------++-------
Melee: War axe           |    90 |   152 |    47 ||   289
  Use: Scroll            |     6 |     7 |       ||    13
       Potion            |       |     1 |       ||     1
Armor: Scale mail        |    62 |    54 |    35 ||   151
Dodge: Dodged            |    49 |    84 |    29 ||   162
Block: Buckler           |    22 |    23 |       ||    45
       Kite shield       |       |    29 |    37 ||    66

Table legend: (Time is in decaauts)
 A = Elapsed time spent in this place.
 B = Non-inter-level travel time spent in this place.
 C = Inter-level travel time spent in this place.
 D = Time resting spent in this place.
 E = Time spent auto-exploring this place.
 F = Levels seen in this place.
 G = Mean time per level.
                   A        B        C        D        E       F      G
               +--------+--------+--------+--------+--------+-----+--------+
         Total |   5840 |   5718 |    122 |   1031 |   3721 |   7 |  834.3 |
       Dungeon |   5828 |   5706 |    122 |   1031 |   3721 |   6 |  971.3 |
        Temple |     11 |     11 |      0 |      0 |      0 |   1 |   11.0 |
               +--------+--------+--------+--------+--------+-----+--------+

Top non-repeatable levels by time:
     D:2: 1456 daAuts
     D:4: 1222 daAuts
     D:3: 1022 daAuts
     D:6: 895 daAuts
     D:5: 744 daAuts
     D:1: 488 daAuts
  Temple: 11 daAuts
